 Dungeon Crawl Stone Soup version 0.22-a0-292-g0df9d5f (webtiles) character file.

53 Rein the Charmwright (level 3, -8/28 HPs)
             Began as a Merfolk Skald on Mar 23, 2018.
             Mangled by a gnoll
             ... wielding a +0 club
              (9 damage)
             ... on level 2 of the Dungeon.
             The game lasted 00:04:16 (1359 turns).

Rein the Charmwright (Merfolk Skald)                Turns: 1359, Time: 00:04:16

Health: -8/28      AC:  3    Str: 11    XL:     3   Next: 89%
Magic:  7/7        EV: 12    Int: 13    God:
Gold:   87         SH:  0    Dex: 13    Spells: 3/8 levels left

rFire    . . .     SeeInvis .   a - +0 spear
rCold    . . .     Gourm    .   (no shield)
rNeg     . . .     Faith    .   b - +0 leather armour
rPois    .         Spirit   .   (no helmet)
rElec    .         Reflect  .   (no cloak)
rCorr    .         Harm     .   (no gloves)
MR       .....                  (no boots)
Stlth    +.........             (no amulet)
HPRegen  0.09/turn              (no ring)
MPRegen  0.10/turn              (no ring)

@: no status effects
A: change form in water, swift swim, stealthy swim
a: no special abilities


You were on level 2 of the Dungeon.
You were near starving.

You visited 1 branch of the dungeon, and saw 2 of its levels.

You collected 87 gold pieces.

Inventory:

Hand Weapons
 a - a +0 spear (weapon)
Armour
 b - a +0 leather armour (worn)
Jewellery
 h - a +3 amulet of reflection {unknown}
Scrolls
 f - a scroll of fog {unknown}
 k - a scroll of enchant weapon {unknown}
Potions
 c - a potion of cancellation {unknown}
 e - a potion of lignification {unknown}
 g - a potion of might {unknown}
 j - a potion of heal wounds
 l - a potion of haste {unknown}
Comestibles
 d - 2 rations


   Skills:
 + Level 2.9 Fighting
 - Level 3.0 Polearms
 - Level 0.6 Armour
 - Level 2.6 Dodging
 * Level 3.0 Spellcasting
 + Level 3.8 Charms


You had 3 spell levels left.
You knew the following spells:

 Your Spells              Type           Power        Failure   Level  Hunger
a - Infusion              Chrm           ##..         6%          1    #......
b - Song of Slaying       Chrm           ##......     10%         2    ###....
c - Shroud of Golubria    Chrm/Tloc      #.........   21%         2    ###....


Dungeon Overview and Level Annotations

Branches:
Dungeon (2/15)

Altars:


Message History

You hit the gnoll.
The gnoll is heavily wounded.
You barely miss the gnoll.
The gnoll is heavily wounded.
The gnoll hits you but does no damage.
You hit the gnoll.
The gnoll is severely wounded.
The gnoll hits you with a club.
* * * LOW HITPOINT WARNING * * *
You hit the gnoll but do no damage.
The gnoll is severely wounded.
The gnoll hits you with a club.
* * * LOW HITPOINT WARNING * * *
You barely miss the gnoll.
The gnoll is severely wounded.
The gnoll hits you but does no damage.
You hit the gnoll but do no damage.
The gnoll is severely wounded.
The gnoll hits you with a club!
You die...

### #.# ##.# #... ##.#
#########################.#
#.........@gg......)...##.#
#######.###################.g....
.........####### #..##..
.###.##......... #..##..
#............ #......
#.##.#....... #..[... #
#.#....... #g..... #.#.#####+
#.g.... #.#.# #......


You could see 2 gnolls.

Vanquished Creatures
  A gnoll (D:2)
  An adder (D:2)
  An ooze (D:2)
  A worm (D:2)
  A dart slug (D:1)
  A leopard gecko (D:1)
  4 goblins (D:1)
  3 hobgoblins (D:1)
  4 jackals (D:1)
  2 kobolds (D:1)
  A ball python (D:1)
  A bat (D:1)
  A frilled lizard (D:2)
  2 rats (D:1)
24 creatures vanquished.

Notes
Turn   | Place    | Note
-------+----------+-------------------------------------------
     0 | D:1      | Rein the Merfolk Skald began the quest for the Orb.
     0 | D:1      | Reached XP level 1. HP: 16/16 MP: 3/3
   171 | D:1      | Reached XP level 2. HP: 23/23 MP: 5/5
   191 | D:1      | Learned a level 2 spell: Song of Slaying
   194 | D:1      | Learned a level 2 spell: Shroud of Golubria
   753 | D:1      | Reached XP level 3. HP: 18/28 MP: 4/6
  1357 | D:2      | HP: 1/28 [gnoll/club (4)]
  1359 | D:2      | Mangled by a gnoll

Vault maps used:
D:1:      wheals_arrival_linesprint
D:2:      uniq_terence

Skill      XL: |  1  2  3 |
---------------+----------+-----
Spellcasting   | 3 |  3.0
Fighting       | |  2.9
Polearms       | |  3.0
Armour         | |  0.6
Dodging        | |  2.6
Charms         | |  3.8

Action                   || total
-------------------------++-------
Melee: Spear             ||   133
 Cast: Song of Slaying   ||     1
  Use: Potion            ||     1
 Stab: Sleeping          ||     1
Armor: Leather armour    ||    24
Dodge: Dodged            ||    49

Table legend:
 A = Spawn XP
 B = Non-spawn XP
 C = Spawn XP percentage of total XP
 D = Spawn monster count
 E = Non-spawn monster count
 F = Spawn count percentage of total count
 G = Total turns spent on level
                    A         B        C        D         E        F      G
               +---------+---------+-------+---------+---------+-------+---------
         Total |       0 |      77 |   0.0 |       0 |      24 |   0.0 |  1359
               +---------+---------+-------+---------+---------+-------+---------
           D:1 |       0 |      37 |   0.0 |       0 |      19 |   0.0 |   893
           D:2 |       0 |      40 |   0.0 |       0 |       5 |   0.0 |   466
               +---------+---------+-------+---------+---------+-------+---------
